 Dungeon Crawl Stone Soup version 0.22-a0-348-gd16d1391c7 (webtiles) character file.

163 Laan the Chopper (level 5, 0/41 HPs)
             Began as a Formicid Fighter on Apr 9, 2018.
             Slain by a gnoll
             ... wielding a cursed -3 flail
              (2 damage)
             ... on level 2 of the Dungeon.
             The game lasted 00:02:32 (2131 turns).

Laan the Chopper (Formicid Fighter)                 Turns: 2131, Time: 00:02:32

Health: 0/41       AC: 10    Str: 22    XL:     5   Next: 72%
Magic:  5/5        EV:  8    Int:  7    God:
Gold:   129        SH:  9    Dex: 10    Spells: 4/4 levels left

rFire    . . .     SeeInvis +   a - +0 war axe
rCold    . . .     Gourm    .   c - +0 shield
rNeg     . . .     Faith    .   p - +0 scale mail (curse)
rPois    .         Spirit   .   (helmet unavailable)
rElec    .         Reflect  .   b - +2 cloak
rCorr    .         Harm     .   (no gloves)
MR       .....                  (no boots)
Stlth    ..........             (no amulet)
HPRegen  0.13/turn              (no ring)
MPRegen  0.09/turn              (no ring)

@: no status effects
A: permanent stasis, dig shafts and tunnels, four strong arms, antennae 3
a: Dig, Shaft Self


You were on level 2 of the Dungeon.
You were not hungry.

You visited 1 branch of the dungeon, and saw 3 of its levels.

You collected 129 gold pieces.

Inventory:

Hand Weapons
 a - a +0 war axe (weapon)
Armour
 b - a +2 cloak (worn)
 c - a +0 shield (worn)
 p - a cursed +0 scale mail (worn)
Scrolls
 e - 2 scrolls of teleportation {unknown}
 i - 3 scrolls of amnesia {unknown}
 k - a scroll of identify {unknown}
 m - 3 scrolls of enchant armour {unknown}
 n - a scroll of noise {unknown}
 o - a scroll of remove curse {unknown}
Potions
 h - a potion of lignification {unknown}
 j - a potion of degeneration {unknown}
 l - a potion of cancellation {unknown}
Comestibles
 f - 4 rations


   Skills:
 - Level 3.2 Fighting
 + Level 5.5 Axes
 - Level 3.2 Armour
 - Level 3.6 Shields


You had 4 spell levels left.
You didn't know any spells.

Dungeon Overview and Level Annotations

Branches:
Dungeon (3/15)

Altars:


Innate Abilities, Weirdness & Mutations

You cannot be hasted, slowed, berserked, paralysed or teleported.
You can dig through walls and to a lower floor.
Your four strong arms can wield two-handed weapons with a shield.
You have a pair of large antennae on your head. (SInv)


Message History

It was a potion of curing.
You feel better.
The gnoll hits you from afar with a spear!
* * * LOW HITPOINT WARNING * * *
There is a stone staircase leading up here.
You block the gnoll's attack. The gnoll hits you but does no damage.
You climb upwards.
There is a stone staircase leading down here.
You closely miss the gnoll.
The gnoll is moderately wounded.
You block the gnoll's attack.
You hit the gnoll.
The gnoll is severely wounded.
You block the gnoll's attack.
You hit the gnoll.
The gnoll is almost dead.
The gnoll closely misses you.
You hit the gnoll.
The gnoll is almost dead.
The gnoll hits you with a flail.
You die...

#.......+..#.#####.....#
#.....<.##.#.#...'.....#
####.......#.#.###.....#
##.#.#..#.#.# #.....#
#.#.#..#.#.# #.....#
#.#.#..#.#.# #.....#
#.#.#..#.#.# ##.####
#.#.####g#.####'##
#####.#)....@........#
#...#.######.##......#
#...#.........+......#
#...#..######.#......#
#...#..#......#......#
#####........#....#......#
....'........#....#......#
#.###........#....#......#
#.##.....#+#.#....############


You could see a gnoll.

Vanquished Creatures
  A scorpion (D:3)
  Crazy Yiuf (D:3)
  2 gnolls (D:3)
  2 adders
  An ooze (D:2)
  A dart slug (D:1)
  6 leopard geckos
  A ball python (D:1)
  5 giant cockroaches
  A goblin (D:1)
  2 hobgoblins (D:1)
  2 jackals (D:1)
  2 kobolds
  A quokka (D:2)
  3 bats (D:1)
  2 frilled lizards (D:1)
  5 rats
38 creatures vanquished.

Notes
Turn   | Place    | Note
-------+----------+-------------------------------------------
     0 | D:1      | Laan the Formicid Fighter began the quest for the Orb.
     0 | D:1      | Reached XP level 1. HP: 18/18 MP: 1/1
    12 | D:1      | Reached XP level 2. HP: 22/24 MP: 2/2
   106 | D:1      | Reached skill level 3 in Axes
   236 | D:1      | Reached XP level 3. HP: 26/29 MP: 3/3
  1103 | D:2      | Reached skill level 4 in Axes
  1103 | D:2      | Reached XP level 4. HP: 35/35 MP: 4/4
  1744 | D:3      | Reached XP level 5. HP: 21/41 MP: 5/5
  1917 | D:3      | Found a runed door.
  1922 | D:3      | Noticed Crazy Yiuf
  1925 | D:3      | Killed Crazy Yiuf
  1925 | D:3      | Reached skill level 5 in Axes
  2123 | D:3      | HP: 1/41 [gnoll/spear (8)]
  2131 | D:2      | Slain by a gnoll

Vault maps used:
D:1:      saegor_arrival_simple_b
D:3:      marbit_many_paths, nicolae_qazlal_eye_of_the_storm,
          uniq_crazy_yiuf_cottage

Skill      XL: |  1  2  3  4  5 |
---------------+----------------+-----
Axes           | 3 4 5 |  5.5
Fighting       | |  3.2
Armour         | |  3.2
Shields        | |  3.6

Action                   |  1- 3 |  4- 6 || total
-------------------------+-------+-------++-------
Melee: War axe           |    86 |    44 ||   130
  Use: Potion            |       |     2 ||     2
 Stab: Invisible         |       |     1 ||     1
  Eat: Chunk             |       |     1 ||     1
       Ration            |       |     1 ||     1
Armor: Scale mail        |    33 |    14 ||    47
Dodge: Dodged            |    26 |    14 ||    40
Block: Shield            |    49 |    24 ||    73

Table legend:
 A = Spawn XP
 B = Non-spawn XP
 C = Spawn XP percentage of total XP
 D = Spawn monster count
 E = Non-spawn monster count
 F = Spawn count percentage of total count
 G = Total turns spent on level
                    A         B        C        D         E        F      G
               +---------+---------+-------+---------+---------+-------+---------
         Total |       0 |     233 |   0.0 |       0 |      38 |   0.0 |  2131
               +---------+---------+-------+---------+---------+-------+---------
           D:1 |       0 |      51 |   0.0 |       0 |      25 |   0.0 |   697
           D:2 |       0 |      31 |   0.0 |       0 |       8 |   0.0 |  1040
           D:3 |       0 |     151 |   0.0 |       0 |       5 |   0.0 |   394
               +---------+---------+-------+---------+---------+-------+---------
